 Dungeon Crawl Stone Soup version 0.28-a0-1613-gdaab1c2f9b (webtiles) character file.

Game seed: 7833645521930425569

97 mcsnuffy the Cutter (level 4, 0/33 HPs)
             Began as a Demonspawn Gladiator on Jan 22, 2022.
             Slain by Grinder (4 damage)
             ... while paralysed by Grinder
             ... on level 3 of the Dungeon.
             The game lasted 00:06:04 (2926 turns).

mcsnuffy the Cutter (Demonspawn Gladiator)          Turns: 2926, Time: 00:06:05

Health: 0/33       AC:  5    Str: 16    XL:     4   Next: 42%
Magic:  4/4        EV:  2    Int: 10    God:
Gold:   117        SH:  0    Dex: 14    Spells: 3/3 levels left

rFire   . . .      SeeInvis .   a - +0 rapier
rCold   . . .      Faith    .   (no shield)
rNeg    . . .      Spirit   .   l - +0 ring mail
rPois   .          Reflect  .   (helmet restricted)
rElec   .          Harm     .   (no cloak)
rCorr   .          Rampage  .   (no gloves)
Will    .....                   (no boots)
Stlth   +.........              (no amulet)
HPRegen 0.11/turn               (no ring)
MPRegen 0.09/turn               (no ring)

@: paralysed
A: antennae 1, sturdy frame 2
a: no special abilities


You were on level 3 of the Dungeon.
You visited 1 branch of the dungeon, and saw 4 of its levels.

You collected 117 gold pieces.


Innate Abilities, Weirdness & Mutations

You have a pair of small antennae on your head.
Your movements are less encumbered by armour. (ER -4)


   Skills:
 - Level 2.0 Fighting
 + Level 4.8 Short Blades
 - Level 1.7 Throwing
 - Level 2.6 Dodging


You had 3 spell levels left.
You didn't know any spells.
Your spell library was empty.

Inventory:

Hand Weapons
 a - a +0 rapier (weapon)
Missiles
 h - 5 javelins (quivered)
Armour
 l - a +0 ring mail (worn)
Magical Staves
 n - a staff of air {!a}
Scrolls
 b - 2 scrolls of identify {unknown}
 c - a scroll of teleportation {unknown}
 g - a scroll of noise {unknown}
 i - a scroll of vulnerability {unknown}
 j - a scroll of brand weapon {unknown}
 k - a scroll of fear {unknown}
Potions
 d - a potion of lignification {unknown}
 e - a potion of resistance {unknown}
 m - a potion of attraction {unknown}

Dungeon Overview and Level Annotations

Branches:
Dungeon (4/15)
 Temple: D:4-7

Altars:
Uskayaw

Annotations:
D:3 Grinder
D:4 Natasha

####.#### #.#.# ##### #.#.#
..#.. #.#.# ▓▓▓▓▓# #$#.## #
#...# ▓ ▓#.##.# #....##.#
###.# ▓ ▓..<..# ##...>.#.#
#># ▓ ▓.#####
##........#####.# ▓.#
#.........#.....# ▓.#
#.@.....$.#.###.# #.#
#####..5......#.# #.# #.#
#............##.# #.#
#######.# #.#####.....###.#
#.# ........# #.#
###...####5# #.# ###.#####
#.# #.....>.##.# #.#
#.....# #.# #.##.##.##.#
#.#
#.....#####.####(##.##.##.#
#......................).(#


You could see Grinder.


Message History

You barely miss Grinder.
Grinder is severely wounded.
Grinder blinks!
You touch the frilled lizard.
The frilled lizard is heavily wounded.
The frilled lizard barely misses you.
You touch the frilled lizard.
You kill the frilled lizard!
Grinder gestures at you. You resist with significant effort.
Grinder gestures at you.
You suddenly lose the ability to move!
Grinder blinks!
You can move again.
Grinder gestures at you.
You shrug off the repeated paralysis!
Your transformation is almost over.
You see here a +0 club.
There is a stone staircase leading down here.
Found 7 gold pieces.
Grinder gestures at you.
You suddenly lose the ability to move!
Your transformation has ended.
Your +0 rapier unmelds from your body.
Your +0 ring mail unmelds from your body.
Grinder zaps a wand.
You resist with some effort. Grinder hits you.
* * * LOW HITPOINT WARNING * * *
You writhe in agony.
You die...

Skill      XL: |  1  2  3 |
---------------+----------+-----
Short Blades   | 3 4 |  4.8
Fighting       | |  2.0
Throwing       | |  1.7
Dodging        | |  2.6

Action                   |  1- 3 |  4- 6 || total
-------------------------+-------+-------++-------
Melee: Rapier            |   155 |    56 ||   211
       Unarmed           |       |     4 ||     4
       Punch             |       |     2 ||     2
Throw: Throwing net      |     3 |     2 ||     5
       Javelin           |       |     1 ||     1
  Use: Potion            |     2 |       ||     2
 Stab: Sleeping          |     3 |     1 ||     4
       Held in net/web   |       |     1 ||     1
Armor: Leather armour    |    73 |       ||    73
       Ring mail         |     2 |    14 ||    16
       Skin              |       |     1 ||     1
Dodge: Dodged            |   149 |    34 ||   183

Levels and vault maps discovered:
D:1:      dpeg_arrival_rhombus, layout_basic, ebering_ecumenical_altar_hall,
          minmay_stone_trees_medium, minmay_misc_feat_room,
          wander_ebering_terrifying_dragon_lair
D:2:      layout_rooms, minmay_pentomino_z4
D:3:      layout_loops_ring, nicolae_uskayaw_dance_hall, kennysheep_minor_cross,
          hangedman_decor_peaks_small, uniq_grinder
D:4:      layout_rooms, uniq_natasha

Notes
Turn   | Place    | Note
-------+----------+-------------------------------------------
     0 | D:1      | mcsnuffy the Demonspawn Gladiator began the quest for the
                  | Orb.
     0 | D:1      | Reached XP level 1. HP: 16/16 MP: 1/1
    93 | D:1      | Reached skill level 3 in Short Blades
   180 | D:1      | Gained mutation: Your movements are slightly less
                  | encumbered by armour. (ER -2) [demonic ancestry]
   180 | D:1      | Reached XP level 2. HP: 22/22 MP: 2/2
   603 | D:1      | Found a faded altar of an unknown god.
  1037 | D:2      | You fall into a shaft and drop 1 floor!
  1208 | D:2      | Gained mutation: You have a pair of small antennae on your
                  | head. [demonic ancestry]
  1208 | D:2      | Reached XP level 3. HP: 17/27 MP: 3/3
  1218 | D:2      | Reached skill level 4 in Short Blades
  2009 | D:2      | Gained mutation: Your movements are less encumbered by
                  | armour. (ER -4) [demonic ancestry]
  2009 | D:2      | Reached XP level 4. HP: 25/33 MP: 4/4
  2302 | D:3      | Found a hide-covered altar of Uskayaw.
  2834 | D:3      | Noticed Grinder
  2877 | D:4      | Noticed Natasha
  2877 | D:4      | Noticed a bullfrog
  2895 | D:3      | Paralysed by Grinder for 5 turns
  2898 | D:3      | HP: 2/33 [Grinder/nerve-wracking pain (3)]
  2905 | D:3      | Paralysed by Grinder for 6 turns
  2921 | D:3      | Paralysed by Grinder for 7 turns
  2926 | D:3      | Slain by Grinder

Vanquished Creatures
  4 adders
  A worm (D:2)
  A dart slug (D:2)
  4 orcs (D:3)
  6 ball pythons
  7 bats
  2 endoplasms
  2 goblins (D:3)
  3 hobgoblins
  3 jackals (D:1)
  3 quokkas
  5 frilled lizards
  6 kobolds
  6 rats
53 creatures vanquished.

Table legend: (Time is in decaauts)
 A = Elapsed time spent in this place.
 B = Non-inter-level travel time spent in this place.
 C = Inter-level travel time spent in this place.
 D = Time resting spent in this place.
 E = Time spent auto-exploring this place.
 F = Levels seen in this place.
 G = Mean time per level.
                   A        B        C        D        E       F      G
               +--------+--------+--------+--------+--------+-----+--------+
         Total |   2929 |   2880 |     49 |    200 |   1984 |   4 |  732.2 |
       Dungeon |   2929 |   2880 |     49 |    200 |   1984 |   4 |  732.2 |
               +--------+--------+--------+--------+--------+-----+--------+

Top non-repeatable levels by time:
     D:1: 1037 daAuts
     D:2: 984 daAuts
     D:3: 906 daAuts
     D:4: 1 daAuts

Table legend:
 A = Non-vault XP
 B = Vault XP
 C = Vault XP percentage of total XP
 D = Non-vault monster count
 E = Vault monster count
 F = Vault count percentage of total count
                 A         B        C        D         E       F
            +---------+---------+-------+---------+---------+-------
      Total |     135 |       4 |   2.9 |      50 |       3 |   5.7
            +---------+---------+-------+---------+---------+-------
        D:1 |      32 |       1 |   3.0 |      20 |       1 |   4.8
        D:2 |      60 |       3 |   4.8 |      13 |       2 |  13.3
        D:3 |      43 |       0 |   0.0 |      17 |       0 |   0.0
            +---------+---------+-------+---------+---------+-------
